TOP OF THE 1ST |
Georgia Bulldogs batting - Pitching for Mississippi State Bulldogs : RHP Toby Arnasson
|
Pitching: RHP Toby Arnasson
|
|
Batting: RHB José Rocha
|
0-0: Foul Ball, location: 2F 0-1: Ball 1-1: Swinging Strike 1-2: Foul Ball, location: 2F 1-2: Ball 2-2: Ball 3-2: Base on Balls
|
Batting: RHB Jay McGuire
|
0-0: Ball 1-0: Ball 2-0: Called Strike 2-1: Ball 3-1: Called Strike 3-2: Base on Balls José Rocha to second
|
Batting: SHB Andrés Coronado
|
0-0: Ball 1-0: Called Strike 1-1: Called Strike 1-2: Strikes out looking
|
Batting: RHB Martín Pacheco
|
0-0: Foul Ball, location: 2F 0-1: Ball 1-1: Ball 2-1: Called Strike 2-2: Strikes out swinging
|
Batting: RHB Gerard Ford
|
0-0: Ball 1-0: TRIPLE (Flyball, 7D) José Rocha scores Jay McGuire scores
|
Batting: RHB Jake Rutledge
|
0-0: Ball 1-0: Foul Ball, location: 2F 1-1: Ball 2-1: SINGLE (Flyball, 8RS) Gerard Ford scores
|
Batting: LHB Dan Wilson
|
0-0: Ball 1-0: Fly out, F8 (Line Drive, 89D)
|
Top of the 1st over - 3 runs, 2 hits, 0 errors, 1 left on base; Georgia 3 - Mississippi State 0 |
BOTTOM OF THE 1ST |
Mississippi State Bulldogs batting - Pitching for Georgia Bulldogs : LHP Alberto Moreno
|
Pitching: LHP Alberto Moreno
|
|
Batting: SHB Matthew Hughes
|
0-0: Foul Ball, location: 2F 0-1: Ball 1-1: Ground out 5-3 (Groundball, 56S)
|
Batting: RHB Cory Douglas
|
0-0: Swinging Strike 0-1: Ball 1-1: Ball 2-1: Ball 3-1: Foul Ball, location: 2F 3-2: Base on Balls
|
Batting: SHB Tom Stewart
|
0-0: Called Strike 0-1: Fly out, F3 (Line Drive, 3) Lined into DP, U3 (Line Drive, 3)
|
Bottom of the 1st over - 0 runs, 0 hits, 0 errors, 0 left on base; Georgia 3 - Mississippi State 0 |
TOP OF THE 2ND |
Georgia Bulldogs batting - Pitching for Mississippi State Bulldogs : RHP Toby Arnasson
|
Batting: RHB David Flores
|
0-0: Ball 1-0: Ball 2-0: SINGLE (Line Drive, 8LS)
|
Batting: RHB César Méndez
|
0-0: Called Strike 0-1: Swinging Strike 0-2: Strikes out swinging
|
Batting: RHB José Rocha
|
0-0: Called Strike 0-1: Fly out, F6 (Flyball, 56D)
|
Batting: RHB Jay McGuire
|
0-0: Called Strike 0-1: Fielders Choice at 2nd, 6-4 (Groundball, 6)
|
Top of the 2nd over - 0 runs, 1 hit, 0 errors, 1 left on base; Georgia 3 - Mississippi State 0 |
BOTTOM OF THE 2ND |
Mississippi State Bulldogs batting - Pitching for Georgia Bulldogs : LHP Alberto Moreno
|
Batting: SHB Jessie Teague
|
0-0: Ball 1-0: Ball 2-0: Ball 3-0: Called Strike 3-1: Fly out, F9 (Flyball, 9LS)
|
Batting: RHB Jason Heddon
|
0-0: Swinging Strike 0-1: Ball 1-1: Called Strike 1-2: Foul Ball, location: 2F 1-2: Ball 2-2: Strikes out looking
|
Batting: LHB Juan Branch
|
0-0: Ball 1-0: Ball 2-0: Ball 3-0: Called Strike 3-1: Base on Balls
|
Batting: RHB Andrew Barker
|
0-0: SINGLE (Flyball, 8LS) Juan Branch to second Runner from 2nd tries for 3rd, SAFE, no throw
|
Batting: LHB Joey Clark
|
0-0: Swinging Strike 0-1: Ball 1-1: Ball 2-1: Foul Ball, location: 2F 2-2: Foul Ball, location: 2F 2-2: Foul Ball, location: 2F 2-2: Foul Ball, location: 2F 2-2: Foul Ball, location: 2F 2-2: Strikes out swinging
|
Bottom of the 2nd over - 0 runs, 1 hit, 0 errors, 2 left on base; Georgia 3 - Mississippi State 0 |
TOP OF THE 3RD |
Georgia Bulldogs batting - Pitching for Mississippi State Bulldogs : RHP Toby Arnasson
|
Batting: SHB Andrés Coronado
|
0-0: Ball 1-0: Ball 2-0: Swinging Strike 2-1: Ball 3-1: Base on Balls
|
Batting: RHB Martín Pacheco
|
0-0: Grounds into double play, 6-4-3 (Groundball, 6)
|
Batting: RHB Gerard Ford
|
0-0: Ball 1-0: Swinging Strike 1-1: Ball 2-1: Fly out, F8 (Flyball, 8RM)
|
Top of the 3rd over - 0 runs, 0 hits, 0 errors, 0 left on base; Georgia 3 - Mississippi State 0 |
BOTTOM OF THE 3RD |
Mississippi State Bulldogs batting - Pitching for Georgia Bulldogs : LHP Alberto Moreno
|
Batting: RHB Bryan Weber
|
0-0: Foul Ball, location: 2F 0-1: Ball 1-1: Ground out 5-3 (Groundball, 5L)
|
Batting: SHB Matthew Hughes
|
0-0: Ball 1-0: Ball 2-0: Called Strike 2-1: Fly out, F4 (Line Drive, 4)
|
Batting: RHB Cory Douglas
|
0-0: Called Strike 0-1: Foul Ball, location: 2F 0-2: Strikes out swinging
|
Bottom of the 3rd over - 0 runs, 0 hits, 0 errors, 0 left on base; Georgia 3 - Mississippi State 0 |
TOP OF THE 4TH |
Georgia Bulldogs batting - Pitching for Mississippi State Bulldogs : RHP Toby Arnasson
|
Batting: RHB Jake Rutledge
|
0-0: Swinging Strike 0-1: Ground out U3 (Groundball, 3L)
|
Batting: LHB Dan Wilson
|
0-0: Ball 1-0: Swinging Strike 1-1: Swinging Strike 1-2: Fly out, F6 (Line Drive, 6M)
|
Batting: RHB David Flores
|
0-0: Called Strike 0-1: Ball 1-1: Ground out 1-3 (Groundball, 13)
|
Top of the 4th over - 0 runs, 0 hits, 0 errors, 0 left on base; Georgia 3 - Mississippi State 0 |
BOTTOM OF THE 4TH |
Mississippi State Bulldogs batting - Pitching for Georgia Bulldogs : LHP Alberto Moreno
|
Batting: SHB Tom Stewart
|
0-0: Called Strike 0-1: Swinging Strike 0-2: Strikes out swinging
|
Batting: SHB Jessie Teague
|
0-0: Ball 1-0: Ball 2-0: Ball 3-0: Base on Balls
|
Batting: RHB Jason Heddon
|
0-0: Ball 1-0: Swinging Strike 1-1: Ball 2-1: Swinging Strike 2-2: Strikes out looking
|
Batting: LHB Juan Branch
|
Pickoff Throw to First - Out!
|
Bottom of the 4th over - 0 runs, 0 hits, 0 errors, 0 left on base; Georgia 3 - Mississippi State 0 |
TOP OF THE 5TH |
Georgia Bulldogs batting - Pitching for Mississippi State Bulldogs : RHP Toby Arnasson
|
Batting: RHB César Méndez
|
0-0: Called Strike 0-1: Ball 1-1: SINGLE (Line Drive, 34)
|
Batting: RHB José Rocha
|
0-0: Ball 1-0: Ball 2-0: Ball 3-0: Called Strike 3-1: Foul Ball, location: 2F 3-2: Foul Ball, location: 2F 3-2: Base on Balls César Méndez to second
|
Batting: RHB Jay McGuire
|
0-0: Called Strike Balk! César Méndez to third José Rocha to second 0-1: Ball 1-1: Called Strike 1-2: Foul Ball, location: 2F 1-2: Strikes out swinging
|
Batting: SHB Andrés Coronado
|
0-0: Intentional Walk
|
Batting: RHB Martín Pacheco
|
0-0: Called Strike 0-1: Foul Ball, location: 2F 0-2: Hit by Pitch César Méndez scores José Rocha to third Andrés Coronado to second
|
Batting: RHB Gerard Ford
|
0-0: Ball 1-0: Ball 2-0: Ball 3-0: Called Strike 3-1: Foul Ball, location: 2F 3-2: Base on Balls José Rocha scores Andrés Coronado to third Martín Pacheco to second
|
Pitching: RHP Conrad Berry
|
|
Batting: RHB Jake Rutledge
|
0-0: Ball 1-0: Foul Ball, location: 2F 1-1: Reached on error, E4 (Groundball, 4) Andrés Coronado scores Martín Pacheco to third Gerard Ford to second
|
Batting: LHB Dan Wilson
|
0-0: Called Strike 0-1: Ball 1-1: Foul Ball, location: 2F 1-2: Strikes out swinging
|
Batting: RHB David Flores
|
0-0: Called Strike 0-1: Swinging Strike 0-2: Ball 1-2: Foul Ball, location: 2F 1-2: Ball 2-2: Strikes out looking
|
Top of the 5th over - 3 runs, 1 hit, 1 error, 3 left on base; Georgia 6 - Mississippi State 0 |
BOTTOM OF THE 5TH |
Mississippi State Bulldogs batting - Pitching for Georgia Bulldogs : LHP Alberto Moreno
|
Batting: LHB Juan Branch
|
0-0: Ball 1-0: Ball 2-0: Ball 3-0: Base on Balls
|
Batting: RHB Andrew Barker
|
0-0: Foul Ball, location: 2F 0-1: Fly out, F9 (Flyball, 9)
|
Batting: LHB Joey Clark
|
0-0: Foul Ball, location: 2F 0-1: DOUBLE (Line Drive, 78D) Juan Branch to third
|
Batting: RHB Bryan Weber
|
0-0: Foul Ball, location: 2F 0-1: Ball 1-1: SINGLE (Line Drive, 56D) Juan Branch scores Joey Clark to third
|
Batting: SHB Matthew Hughes
|
0-0: Ball Wild Pitch! Joey Clark scores Bryan Weber to second 1-0: Ground out 4-3 (Groundball, 4S) Bryan Weber to third
|
Batting: RHB Cory Douglas
|
0-0: Swinging Strike 0-1: Ball 1-1: SINGLE (Groundball, 6MD) Bryan Weber scores
|
Batting: SHB Tom Stewart
|
0-0: Ball Cory Douglas is caught stealing 2nd base
|
Bottom of the 5th over - 3 runs, 3 hits, 0 errors, 0 left on base; Georgia 6 - Mississippi State 3 |
TOP OF THE 6TH |
Georgia Bulldogs batting - Pitching for Mississippi State Bulldogs : RHP Conrad Berry
|
Batting: RHB César Méndez
|
0-0: Ball 1-0: SOLO HOME RUN (Flyball, 7D), Distance : 351 ft
|
Batting: RHB José Rocha
|
0-0: Ball 1-0: Ball 2-0: Called Strike 2-1: Ball 3-1: Base on Balls
|
Batting: RHB Jay McGuire
|
0-0: Swinging Strike 0-1: Called Strike 0-2: Ball 1-2: Strikes out swinging
|
Batting: SHB Andrés Coronado
|
0-0: Ball 1-0: Foul Ball, location: 2F 1-1: Foul Ball, location: 2F 1-2: Ball 2-2: Ball 3-2: Foul Ball, location: 2F 3-2: Foul Ball, location: 2F 3-2: Strikes out swinging
|
Batting: RHB Martín Pacheco
|
0-0: Ball 1-0: Called Strike 1-1: Ball 2-1: Swinging Strike 2-2: Ball 3-2: Strikes out swinging
|
Top of the 6th over - 1 run, 1 hit, 0 errors, 1 left on base; Georgia 7 - Mississippi State 3 |
BOTTOM OF THE 6TH |
Mississippi State Bulldogs batting - Pitching for Georgia Bulldogs : LHP Alberto Moreno
|
Batting: SHB Tom Stewart
|
0-0: Called Strike 0-1: Ball 1-1: Swinging Strike 1-2: Foul Ball, location: 2F 1-2: Foul Ball, location: 2F 1-2: Strikes out swinging
|
Pitching: RHP Randy Pearce
|
|
Batting: SHB Jessie Teague
|
0-0: Ball 1-0: Ground out 6-3 (Groundball, 6M)
|
Batting: RHB Jason Heddon
|
0-0: Ball 1-0: DOUBLE (Line Drive, 9LD)
|
Batting: LHB Juan Branch
|
0-0: Ball 1-0: Foul Ball, location: 2F 1-1: Called Strike 1-2: Strikes out swinging
|
Bottom of the 6th over - 0 runs, 1 hit, 0 errors, 1 left on base; Georgia 7 - Mississippi State 3 |
TOP OF THE 7TH |
Georgia Bulldogs batting - Pitching for Mississippi State Bulldogs : RHP Conrad Berry
|
Batting: RHB Gerard Ford
|
0-0: Called Strike 0-1: Foul Ball, location: 2F 0-2: Strikes out swinging
|
Batting: RHB Jake Rutledge
|
0-0: Swinging Strike 0-1: Foul Ball, location: 2F 0-2: Foul Ball, location: 2F 0-2: Foul Ball, location: 2F 0-2: SINGLE (Line Drive, 9LM)
|
Batting: LHB Dan Wilson
|
0-0: SINGLE (Groundball, 6MD) Jake Rutledge to second
|
Pitching: RHP Richard Castle
|
|
Batting: RHB David Flores
|
0-0: Ball 1-0: Ball 2-0: Ball 3-0: Base on Balls Jake Rutledge to third Dan Wilson to second
|
Batting: RHB César Méndez
|
0-0: Fly out, F7 (Flyball, 7D) Runner from 3rd tags up, SCORES, throw made
|
Batting: RHB José Rocha
|
0-0: Swinging Strike 0-1: Ground out 5-3 (Groundball, 5S)
|
Top of the 7th over - 1 run, 2 hits, 0 errors, 2 left on base; Georgia 8 - Mississippi State 3 |
BOTTOM OF THE 7TH |
Mississippi State Bulldogs batting - Pitching for Georgia Bulldogs : RHP Randy Pearce
|
Batting: RHB Andrew Barker
|
0-0: Ball 1-0: Ball 2-0: SINGLE (Groundball, 6MD)
|
Batting: LHB Joey Clark
|
0-0: Called Strike 0-1: Foul Ball, location: 2F 0-2: Fly out, F9 (Flyball, 89S)
|
Batting: RHB Bryan Weber
|
0-0: Foul Ball, location: 2F 0-1: Ball 1-1: Ball 2-1: Ball 3-1: Ground out 5-3 (Groundball, 56S) Andrew Barker to second
|
Batting: SHB Matthew Hughes
|
0-0: Foul Ball, location: 2F 0-1: Foul Ball, location: 2F 0-2: Ball 1-2: DOUBLE (Line Drive, 9LD) Andrew Barker scores
|
Batting: RHB Cory Douglas
|
0-0: Ball 1-0: Ball 2-0: Ball 3-0: Called Strike 3-1: Called Strike 3-2: Foul Ball, location: 2F 3-2: Base on Balls
|
Batting: SHB Tom Stewart
|
0-0: Foul Ball, location: 2F 0-1: Swinging Strike 0-2: Foul Ball, location: 2F 0-2: Strikes out swinging
|
Bottom of the 7th over - 1 run, 2 hits, 0 errors, 2 left on base; Georgia 8 - Mississippi State 4 |
TOP OF THE 8TH |
Georgia Bulldogs batting - Pitching for Mississippi State Bulldogs : RHP Richard Castle
|
Batting: RHB Jay McGuire
|
0-0: Ball 1-0: Called Strike 1-1: Foul Ball, location: 2F 1-2: Foul Ball, location: 2F 1-2: Ball 2-2: Foul Ball, location: 2F 2-2: Foul Ball, location: 2F 2-2: Foul Ball, location: 2F 2-2: Foul Ball, location: 2F 2-2: Foul Ball, location: 2F 2-2: Ball 3-2: Foul Ball, location: 2F 3-2: Strikes out looking
|
Pitching: RHP Jorge Gómez
|
|
Batting: SHB Andrés Coronado
|
0-0: Ball 1-0: Called Strike 1-1: Ball 2-1: Swinging Strike 2-2: Strikes out swinging
|
Batting: RHB Martín Pacheco
|
0-0: Called Strike 0-1: Ground out 5-3 (Groundball, 5S)
|
Top of the 8th over - 0 runs, 0 hits, 0 errors, 0 left on base; Georgia 8 - Mississippi State 4 |
BOTTOM OF THE 8TH |
Mississippi State Bulldogs batting - Pitching for Georgia Bulldogs : RHP Randy Pearce
|
Batting: SHB Jessie Teague
|
0-0: Called Strike 0-1: Ball 1-1: Ball 2-1: Foul Ball, location: 2F 2-2: Strikes out swinging
|
Batting: RHB Jason Heddon
|
0-0: Foul Ball, location: 2F 0-1: SINGLE (Groundball, 4MD)
|
Batting: LHB Juan Branch
|
0-0: SINGLE (Line Drive, 8RS) Jason Heddon to second
|
Batting: RHB Andrew Barker
|
0-0: Foul Ball, location: 2F 0-1: Grounds into double play, 6-4-3 (Groundball, 56)
|
Bottom of the 8th over - 0 runs, 2 hits, 0 errors, 1 left on base; Georgia 8 - Mississippi State 4 |
TOP OF THE 9TH |
Georgia Bulldogs batting - Pitching for Mississippi State Bulldogs : RHP Jorge Gómez
|
Batting: RHB Gerard Ford
|
0-0: Ball 1-0: Ball 2-0: Swinging Strike 2-1: Ball 3-1: Ground out 5-3 (Groundball, 5)
|
Batting: RHB Jake Rutledge
|
0-0: Ball 1-0: Ball 2-0: Called Strike 2-1: SINGLE (Groundball, 4MD)
|
Batting: LHB Dan Wilson
|
0-0: Ball 1-0: SINGLE (Groundball, 4MD) Jake Rutledge to second
|
Batting: RHB David Flores
|
0-0: Foul Ball, location: 2F 0-1: Called Strike 0-2: Ball 1-2: Strikes out swinging
|
Batting: RHB César Méndez
|
0-0: Swinging Strike 0-1: Ball 1-1: Ball 2-1: Called Strike 2-2: DOUBLE (Line Drive, 7LD) Jake Rutledge scores Dan Wilson to third
|
Batting: RHB José Rocha
|
0-0: Ball 1-0: Foul Ball, location: 2F 1-1: Foul Ball, location: 2F 1-2: Ball 2-2: Foul Ball, location: 2F 2-2: Foul Ball, location: 2F 2-2: Ground out 4-3 (Groundball, 4)
|
Top of the 9th over - 1 run, 3 hits, 0 errors, 2 left on base; Georgia 9 - Mississippi State 4 |
BOTTOM OF THE 9TH |
Mississippi State Bulldogs batting - Pitching for Georgia Bulldogs : RHP Randy Pearce
|
Now at 2B: Stephen Marshall
|
|
Batting: LHB Joey Clark
|
0-0: Ball 1-0: Foul Ball, location: 2F 1-1: Ball 2-1: Called Strike 2-2: Ball 3-2: Base on Balls
|
Batting: RHB Bryan Weber
|
0-0: Ball 1-0: Swinging Strike 1-1: Ball 2-1: Foul Ball, location: 2F 2-2: Ball 3-2: Base on Balls Joey Clark to second
|
Pitching: LHP Jason Cabrera
|
|
Batting: SHB Matthew Hughes
|
0-0: Ball 1-0: Called Strike 1-1: SINGLE (Line Drive, 8LS) Joey Clark to third Bryan Weber to second
|
Batting: RHB Cory Douglas
|
0-0: Swinging Strike 0-1: Ball 1-1: Fly out, F7 (Flyball, 7) Runner from 3rd tags up, SCORES, no throw
|
Batting: SHB Tom Stewart
|
0-0: Called Strike 0-1: Fly out, F8 (Flyball, 8RD)
|
Batting: SHB Jessie Teague
|
0-0: Fly out, F9 (Flyball, 9D)
|
Bottom of the 9th over - 1 run, 1 hit, 0 errors, 2 left on base; Georgia 9 - Mississippi State 5 |
|